 Dungeon Crawl Stone Soup version 0.23.1 (webtiles) character file.

Game seed: 1847260255461485267

2025 Borgoz the Cutter (level 9, -5/52 HPs)
             Began as a Kobold Enchanter on Mar 6, 2019.
             Slain by an orc warrior
             ... wielding a +0 halberd
              (25 damage)
             ... on level 7 of the Dungeon.
             The game lasted 00:18:05 (8854 turns).

Borgoz the Cutter (Kobold Enchanter)                Turns: 8854, Time: 00:18:06

Health: -5/52      AC: 10    Str:  8    XL:     9   Next: 47%
Magic:  13/13      EV: 15    Int: 17    God:
Gold:   191        SH:  0    Dex: 15    Spells: 8/14 levels left

rFire    . . .     SeeInvis .   a - +2 dagger (venom)
rCold    . . .     Gourm    .   (shield restricted)
rNeg     . . .     Faith    .   w - +3 ring mail
rPois    .         Spirit   .   (no helmet)
rElec    .         Reflect  .   (no cloak)
rCorr    .         Harm     .   o - +0 pair of gloves
MR       .....                  (no boots)
Stlth    +++.......             (no amulet)
HPRegen  0.17/turn              (no ring)
MPRegen  0.13/turn              (no ring)

@: no status effects
A: small, carnivore
a: no special abilities


You were on level 7 of the Dungeon.
You were completely stuffed.

You visited 1 branch of the dungeon, and saw 7 of its levels.
You also visited: Sewer.

You collected 423 gold pieces.
You spent 232 gold pieces at shops.

Inventory:

Hand Weapons
 a - a +2 dagger of venom (weapon)
Missiles
 k - 10 poisoned needles
 y - 4 needles of confusion
Armour
 o - a +0 pair of gloves (worn)
 w - a +3 ring mail (worn)
 H - a +0 ring mail of fire resistance
Wands
 v - a wand of flame (20)
 D - a wand of digging (7)
 F - a wand of polymorph (13)
Scrolls
 i - 2 scrolls of fog {unknown}
 j - 2 scrolls of magic mapping
 l - 7 scrolls of teleportation
 n - a scroll of blinking
 s - 2 scrolls of enchant weapon {unknown}
 t - 2 scrolls of enchant armour {unknown}
 x - a scroll of torment {unknown}
 z - a scroll of noise {unknown}
 A - a scroll of amnesia
 B - a scroll of remove curse
 G - 2 scrolls of identify
Potions
 b - a potion of degeneration {unknown}
 c - a potion of invisibility {unknown}
 e - 3 potions of curing
 f - 2 potions of ambrosia {unknown}
 g - a potion of mutation
 h - a potion of agility {unknown}
 m - a potion of flight {unknown}
 p - 3 potions of might
 q - a potion of magic {unknown}
 r - 2 potions of cancellation {unknown}
 u - a potion of lignification {unknown}
 C - a potion of haste {unknown}
 E - a potion of heal wounds {unknown}
Comestibles
 d - 5 rations
 I - a chunk of flesh


   Skills:
 + Level 4.6 Fighting
 + Level 7.8 Short Blades
 + Level 3.8 Armour
 + Level 6.4 Dodging
 + Level 7.3 Stealth
 + Level 3.0 Spellcasting
 + Level 3.9 Hexes
 + Level 1.4 Ice Magic
 + Level 1.2 Evocations


You had 8 spell levels left.
You knew the following spells:

 Your Spells              Type           Power        Failure   Level  Hunger
a - Corona                Hex            ###....      10%         1    None
b - Ensorcelled Hibernat  Hex/Ice        ##....       24%         2    ##.....
c - Confuse               Hex            ###.....     28%         3    ###....

Your spell library contained the following spells:

 Spells                   Type           Power        Failure   Level  Hunger
 Tukima's Dance           Hex            ###.....     28%         3    ###....
 Dazzling Spray           Conj/Hex       #.....       54%         3    ###....


Dungeon Overview and Level Annotations

Branches:
Dungeon (7/15)             Temple (0/1) D:7

Altars:
Kikubaaqudgha
Makhleb
Qazlal

Shops:
D:5 *   D:6 :   D:7 (


Innate Abilities, Weirdness & Mutations

You are small and have problems with some larger weapons.
You are carnivorous and can eat meat at any time.


Message History

The orc warrior is lightly wounded.
The orc warrior barely misses you.
Your ring mail prevents you from hitting the orc warrior.
The orc warrior is lightly wounded.
You completely miss the orc warrior.
The orc warrior is lightly wounded.
The orc warrior misses you.
You're too full to eat anything.
Unknown command.
You hit the orc warrior but do no damage.
The orc warrior looks as sick as possible!
The orc warrior is moderately wounded.
You hit the orc warrior but do no damage.
The orc warrior looks as sick as possible!
The orc warrior is moderately wounded.
The orc warrior completely misses you.
You closely miss the orc warrior.
The orc warrior is heavily wounded.
The orc warrior hits you from afar with a +0 halberd!!
You die...

#.......<.#....♣.∩.♣...##........
#.........#......♣.....##........
#.........'...##.#..#####........
..........#.####.......##........
....................##...........
..##....###.#....................
........# #.....))o..............
........# #.(..))..............
........#####(..@................
.......##...................####<
...............##.###.......# ##.
........####..###.# #.......# #..
####....# #..# #.# ##..##### #.P
## #...># #...# #.# #..# ###.. .#
####.# #...# #.# #... #...P .#
### ##### ### ##########.. .# #.#
###


You could see an orc warrior.

Vanquished Creatures
  A hippogriff (D:7)
  Eustachio (D:6)
  2 ice beasts
  2 sky beasts (D:6)
  2 phantoms (D:5)
  A necrophage (D:7)
  2 ogres
  A bullfrog (D:7)
  2 crimson imps
  A centaur zombie (D:7)
  An orc priest (D:5)
  7 orc wizards
  2 hounds
  2 bullfrog skeletons (D:5)
  A centaur skeleton (D:4)
  2 iguanas (D:5)
  2 worker ants (D:4)
  7 adders
  4 shadow imps (D:5)
  4 oozes (Sewer)
  An adder skeleton (D:5)
  6 worms
  5 leopard geckos
  26 orcs
  5 giant cockroaches
  10 goblins
  8 hobgoblins
  7 jackals
  5 ball pythons
  8 bats
  10 frilled lizards
  A jackal zombie (D:5)
  3 kobolds
  9 rats
151 creatures vanquished.

Notes
Turn   | Place    | Note
-------+----------+-------------------------------------------
     0 | D:1      | Borgoz the Kobold Enchanter began the quest for the Orb.
     0 | D:1      | Reached XP level 1. HP: 10/10 MP: 3/3
   480 | D:2      | Reached XP level 2. HP: 15/15 MP: 5/5
   621 | D:1      | Learned a level 2 spell: Ensorcelled Hibernation
  1486 | D:2      | Reached XP level 3. HP: 8/19 MP: 1/6
  1865 | D:2      | Learned a level 3 spell: Confuse
  2170 | D:3      | Reached XP level 4. HP: 14/24 MP: 7/7
  2467 | D:3      | Found a glowing drain.
  2569 | Sewer    | Entered a sewer
  2582 | Sewer    | Reached skill level 5 in Stealth
  3372 | Sewer    | Reached skill level 1 in Fighting
  3384 | Sewer    | Reached XP level 5. HP: 29/29 MP: 8/8
  4045 | D:4      | Reached XP level 6. HP: 10/35 MP: 9/9
  4947 | D:5      | Entered Level 5 of the Dungeon
  4947 | D:5      | Noticed an ogre
  4961 | D:4      | Killed an ogre
  4961 | D:4      | Reached skill level 5 in Short Blades
  4961 | D:4      | Reached XP level 7. HP: 25/40 MP: 10/10
  6049 | D:5      | Reached skill level 1 in Ice Magic
  6346 | D:5      | Found Lirhinlutz's Assorted Antiques.
  6354 | D:5      | Bought a pitted short sword for 232 gold pieces
  6354 | D:5      | Identified the cursed +1 short sword "Domev" {flame, rF-
                  | rN+ MR+} (You bought it in a shop on level 5 of the
                  | Dungeon)
  6377 | D:5      | Reached skill level 1 in Armour
  6377 | D:5      | Reached skill level 1 in Evocations
  6377 | D:5      | Reached XP level 8. HP: 21/46 MP: 9/12
  7005 | D:5      | Reached skill level 5 in Dodging
  7424 | D:6      | Found Quam Zoth's Book Boutique.
  7832 | D:6      | Noticed Eustachio
  7863 | D:6      | Killed Eustachio
  8117 | D:7      | Reached XP level 9. HP: 52/52 MP: 13/13
  8168 | D:7      | Found Ruah Meh's Weapon Shoppe.
  8204 | D:7      | Noticed a hippogriff
  8227 | D:7      | Killed a hippogriff
  8441 | D:7      | Found a stormy altar of Qazlal.
  8448 | D:7      | Found a burning altar of Makhleb.
  8623 | D:7      | Found an ancient bone altar of Kikubaaqudgha.
  8665 | D:7      | Found a staircase to the Ecumenical Temple.
  8854 | D:7      | Slain by an orc warrior

Skill      XL: |  1  2  3  4  5  6  7  8  9 |
---------------+----------------------------+-----
Short Blades   | 2 4 5 7 |  7.8
Stealth        | 5 6 7 |  7.3
Dodging        | 3 4 5 6 |  6.4
Fighting       | 1 2 3 4 |  4.6
Ice Magic      | 1 |  1.4
Armour         | 1 2 3 |  3.8
Evocations     | 1 |  1.2
Spellcasting   | 3 |  3.0
Hexes          | |  3.9

Action                   |  1- 3 |  4- 6 |  7- 9 || total
-------------------------+-------+-------+-------++-------
Melee: Dagger            |   114 |   192 |   475 ||   781
       Short sword       |       |       |    17 ||    17
 Cast: Ensorcelled Hiber |     2 |       |     2 ||     4
       Corona            |     1 |       |     5 ||     6
       Confuse           |       |       |     2 ||     2
Evoke: Wand              |       |       |     6 ||     6
  Use: Scroll            |       |     6 |     3 ||     9
       Potion            |       |     3 |       ||     3
 Stab: Sleeping          |    11 |     9 |     7 ||    27
  Eat: Chunk             |    13 |     9 |    13 ||    35
Armor: Robe              |    12 |    44 |     1 ||    57
       Ring mail         |       |       |   138 ||   138
Dodge: Dodged            |    64 |   172 |   289 ||   525
